 Dungeon Crawl Stone Soup version 0.31-a0-175-g9f7f995f2b (webtiles) character file.

Game seed: 10860150436364815070

177 Pooter the Chopper (level 5, -1/47 HPs)
             Began as a Minotaur Fighter on June 17, 2023.
             Slain by a fire bat (6 damage)
             ... on level 3 of the Dungeon.
             The game lasted 00:10:21 (2193 turns).

Pooter the Chopper (Minotaur Fighter)               Turns: 2193, Time: 00:10:22

Health: -1/47      AC:  6    Str: 23    XL:     5   Next: 31%
Magic:  4/4        EV:  9    Int:  5    God:
Gold:   123        SH:  0    Dex:  9    Spells: 4/4 levels left

rFire   . . .        a - +0 war axe (protect)
rCold   . . .        (no shield)
rNeg    . . .        r - +0 scale mail
rPois   +            (helmet restricted)
rElec   .            (no cloak)
rCorr   .            (no gloves)
SInv    .            (no boots)
Will    .....        (no amulet)
Stlth   +            P - ring of poison resistance
HPRegen 0.27/turn    (no ring)
MPRegen 0.09/turn

%: no passive effects
@: no status effects
A: horns 2, retaliatory headbutt
a: no special abilities


You were on level 3 of the Dungeon.
You visited 1 branch of the dungeon, and saw 3 of its levels.

You collected 172 gold pieces.
You spent 49 gold pieces at shops.

Inventory:

Hand Weapons
 a - a +0 war axe of protection (weapon)
 b - a +0 orcbow
   (You bought it in a shop on level 2 of the Dungeon)
 n - a +0 morningstar
   (You took it off Terence on level 2 of the Dungeon)
Missiles
 k - 3 boomerangs (quivered)
 t - 2 poisoned darts
 Q - 27 stones
Armour
 c - a +0 buckler
 r - a +0 scale mail (worn)
Jewellery
 P - a ring of poison resistance (left hand)
   (You found it on level 2 of the Dungeon)
Wands
 q - a wand of polymorph (7)
   (You took it off Terence on level 2 of the Dungeon)
Scrolls
 f - a scroll of blinking
 h - 2 scrolls of poison {!r}
 i - a scroll of teleportation {unknown}
 j - 2 scrolls of enchant armour
 l - 2 scrolls of fog
 o - a scroll of fear
 p - 2 scrolls of silence
Potions
 d - 2 potions of might
 e - a potion of haste {unknown}
 g - a potion of attraction {unknown}
 m - a potion of curing {unknown}
 s - a potion of mutation {unknown}


   Skills:
 + Level 4.5 Fighting
 * Level 4.6 Axes
 - Level 3.6 Armour
 * Level 2.8 Stealth
 - Level 3.6 Shields


You had 4 spell levels left.
You didn't know any spells.
Your spell library contained the following spells:

 Spells                   Type           Power      Damage    Failure   Level
 Slow                     Hex            0%         N/A       78%         1
 Confusing Touch          Hex            0%         N/A       98%         3
 Vampiric Draining        Necr           0%         2d6       98%         3


Dungeon Overview and Level Annotations

Branches:
Dungeon (3/15)

Altars:
Elyvilon
Makhleb
Trog

Shops:
D:2 (


Innate Abilities, Weirdness & Mutations

You have a pair of horns on your head.
You reflexively headbutt those who attack you in melee.


Message History

The kobold shouts!
The orc shouts!
The orc warrior shouts!
Found a scroll of poison, a spear and 2 scrolls of identify.
Okay, then.
Found a sedimented silvery potion.
The quokka bites you.
You see here a bat corpse.
The quokka attacks as you move away! The quokka closely misses you.
You furiously retaliate!
You headbutt the quokka!
You kill the quokka!
There is an open door here.
You throw a boomerang. The boomerang closely misses the orc.
You completely miss the orc. You headbutt the orc!
You kill the orc!
Press: ? - help, Shift-Dir - straight line, f - orc warrior
Aim: an orc warrior, wielding a +0 dire flail and wearing a +0 plate armour (will become an iguana, a fire bat, or a centaur, chance to affect: 49%)
The orc warrior evaporates and reforms as a fire bat!
The fire bat bites you.
You are engulfed in flames!
The fire bat bites you but does no damage.
You barely miss the fire bat. You barely miss the giant cockroach.
The fire bat completely misses you.
The fire bat bites you but does no damage.
The giant cockroach bites you.
You hit the giant cockroach.
Your weapon exudes an aura of protection.
The fire bat bites you.
You are engulfed in flames.
The giant cockroach completely misses you.
The fire bat bites you but does no damage.
The giant cockroach closely misses you.
You closely miss the fire bat. Your headbutt misses the fire bat.
You barely miss the giant cockroach. The fire bat bites you.
* * * LOW HITPOINT WARNING * * *
You are engulfed in flames.
* * * LOW HITPOINT WARNING * * *
The giant cockroach bites you but does no damage.
You miss the fire bat. You closely miss the giant cockroach.
The fire bat barely misses you. You furiously retaliate!
You headbutt the fire bat.
The giant cockroach completely misses you.
The giant cockroach bites you but does no damage.
The fire bat barely misses you. You furiously retaliate!
You headbutt the fire bat.
The giant cockroach bites you but does no damage.
You see here a +0 helmet.
The fire bat bites you.
* * * LOW HITPOINT WARNING * * *
You are engulfed in flames.
* * * LOW HITPOINT WARNING * * *
The fire bat bites you.
* * * LOW HITPOINT WARNING * * *
You are engulfed in flames.
You die...

##### ####### ####...### #.....#
#######....#...######.###.#
#.................†.......#
#.#...#########.....#####.######
##............
#######[.##.......
#...#########.
##..##....#.....## #...####
#...†'....#####... #...##..
#@b..##.†##..##### ....##.#
####B.#####'....# # ##..##.#
##..#)## ?)##....# # ##..##.#
#..)g##.....##..## ##..##.###
#....†o.o.B. ##'##
##......>#####..##...8.. ##..##
###.##.......##+# ...g.. +....#
# #.#..#.###.# .....##†...### #
#.#........# #!??##'#..###.


You could see a fire bat and a giant cockroach.

Vanquished Creatures
  An iguana (D:3)
  Terence (D:2)
  2 adders
  3 worms (D:2)
  7 dart slugs
  8 orcs (D:3)
  11 ball pythons
  4 bats (D:3)
  4 endoplasms
  6 giant cockroaches
  4 hobgoblins
  3 quokkas
  A frilled lizard (D:1)
  5 goblins
  6 kobolds
  11 rats
77 creatures vanquished.

Notes
Turn   | Place    | Note
-------+----------+-------------------------------------------
     0 | D:1      | Pooter the Minotaur Fighter began the quest for the Orb.
     0 | D:1      | Reached XP level 1. HP: 19/19 MP: 0/0
    45 | D:1      | Reached XP level 2. HP: 27/27 MP: 1/1
   119 | D:1      | Reached skill level 1 in Stealth
   282 | D:1      | Reached XP level 3. HP: 33/33 MP: 2/2
   835 | D:2      | Reached XP level 4. HP: 40/40 MP: 3/3
  1012 | D:2      | Noticed Terence
  1027 | D:2      | Killed Terence
  1178 | D:2      | Found Yshan's Weapon Shop.
  1187 | D:2      | Bought a +0 orcbow for 49 gold pieces
  1486 | D:3      | Found a white marble altar of Elyvilon.
  1726 | D:3      | Found a bloodstained altar of Trog.
  1774 | D:3      | Found a faded altar of an unknown god.
  1782 | D:3      | Reached XP level 5. HP: 47/47 MP: 4/4
  1785 | D:3      | Found a burning altar of Makhleb.
  2181 | D:3      | Noticed an orc warrior
  2187 | D:3      | an orc warrior changed into a fire bat
  2187 | D:3      | Noticed a fire bat
  2193 | D:3      | Slain by a fire bat

Illustrated notes

Levels and vault maps discovered:
D:1:      mushboom_english_gardens, layout_basic, minmay_quantized
D:2:      layout_basic, serial_shops, shop, nicolae_the_louvre, uniq_terence
D:3:      minmay_bubble_buster, layout_basic, trog_book, elyvilon_altar_5,
          nicolae_overflow_ecumenical_swirl, minmay_distorted

Skill      XL: |  1  2  3  4 |
---------------+-------------+-----
Axes           | 3 4 |  4.6
Stealth        | 1 2 |  2.8
Fighting       | 4 |  4.5
Armour         | |  3.6
Shields        | |  3.6

Action                     |  1- 3 |  4- 6 || total
---------------------------+-------+-------++-------
  Melee: War axe           |    66 |    55 ||   121
         Headbutt          |     8 |    10 ||    18
         Unarmed           |       |     5 ||     5
   Fire: Orcbow            |       |    43 ||    43
  Throw: Boomerang         |       |     1 ||     1
  Evoke: Wand              |       |     1 ||     1
    Use: Scroll            |     4 |     4 ||     8
 Armour: Scale mail        |    23 |    48 ||    71
         Skin              |       |     1 ||     1
  Dodge: Dodged            |    32 |    47 ||    79
  Block: Buckler           |     9 |     1 ||    10

Table legend: (Time is in decaauts)
 A = Elapsed time spent in this place.
 B = Non-inter-level travel time spent in this place.
 C = Inter-level travel time spent in this place.
 D = Time resting spent in this place.
 E = Time spent auto-exploring this place.
 F = Levels seen in this place.
 G = Mean time per level.
                   A        B        C        D        E       F      G
               +--------+--------+--------+--------+--------+-----+--------+
         Total |   2255 |   2191 |     64 |     11 |   1656 |   3 |  751.7 |
       Dungeon |   2255 |   2191 |     64 |     11 |   1656 |   3 |  751.7 |
               +--------+--------+--------+--------+--------+-----+--------+

Top non-repeatable levels by time:
     D:3: 945 daAuts
     D:2: 696 daAuts
     D:1: 614 daAuts
